Atomiques vs Influenza (R1)

Created - 28 novembre 2014 at 19:13

Goals
1 2 3 T
Atomiques 2 2 5 9
Influenza 1 2 2 5
Shots
1 2 3 T
Atomiques 12 9 21 42
Influenza 12 16 6 34

1st period

1. Influenza , Robbie Earl 16 (Martins Karsums, Ryan Carter) at 13:54 (PP)
2. Atomiques , Logan Couture 21 (Brad Winchester, Alexandre Daigle) at 15:41 (PP)
3. Atomiques , Logan Couture 22 (Brad Winchester, Alexandre Daigle) at 19:11 (PP)

Penalties :
Alexandre Daigle (STB) for Hooking (Minor) at 12:47, Robbie Earl (VJB) for Cross-checking (Minor) at 14:17, Cody McCormick (VJB) for Holding (Minor) at 19:01, Davis Drewiske (STB) for Hooking (Minor) at 19:38

2nd period

4. Influenza , Zac Dalpe 5 (Noah Welch, Jeremy Morin) at 1:54
5. Influenza , Ben Smith 5 (Cody McCormick, Ryan Russell) at 15:09
6. Atomiques , Alexandre Daigle 22 (Logan Couture) at 18:40 (PP)
7. Atomiques , Ryan Shannon 9 (Tyler Brenner) at 19:16

Penalties :
Kyle Wharton (STB) for Holding (Minor) at 2:19, Ben Smith (VJB) for Holding (Minor) at 18:30

3rd period

8. Atomiques , Tyler Brenner 7 (Ryan Shannon, Clayton Stoner) at 0:35
9. Atomiques , Brad Winchester 13 (Alexander Sulzer, Logan Couture) at 0:39
10. Influenza , Zac Dalpe 6 (Noah Welch, Eric Wellwood) at 1:46
11. Influenza , Jeremy Morin 6 (Zac Dalpe, Noah Welch) at 3:41
12. Atomiques , Brad Winchester 14 (Davis Drewiske, Logan Couture) at 6:50 (PP)
13. Atomiques , Kenndal McArdle 9 (Kyle Wharton, Brett Sutter) at 7:58
14. Atomiques , Ryan Shannon 10 (Tyler Brenner) at 16:08

Penalties :
Matt Corrente (VJB) for Hooking (Minor) at 6:36, Adam Berti (VJB) for High sticking (Minor) at 9:30, Ryan Russell (VJB) for Hooking (Minor) at 16:51

Goalie Stats

Alex Auld (STB), 29 saves from 34 shots - (0,853), W, 15-6-0, 60:00 minutes
Alex Stalock (VJB), 17 saves from 22 shots - (0,773), 40:35 minutes
Olivier Roy (VJB), 16 saves from 20 shots - (0,800), L, 1-1-0, 19:25 minutes

Players Stats for Atomiques

Player Name              G  A  P  +/- PIM S  H  SB GA TA FO     MP     PP MP  PK MP  
------------------------------------------------------------------------------------
Alexander Sulzer         0  1  1   2  0   4  2  5  0  0  0/0    29:29   3:05   3:14 
Alexandre Daigle         1  2  3   1  2   3  1  0  2  0  2/2    21:45   2:51   2:20 
Andrew Kozek             0  0  0   2  0   1  2  1  0  0  0/1    16:43   2:46   1:05 
Brad Winchester          2  2  4   1  0   11 4  0  1  1  4/5    22:51   2:51   3:09 
Brett Sutter             0  1  1  -2  0   1  0  0  0  0  0/2     9:48   0:00   0:00 
Casey Borer              0  0  0  -1  0   0  1  0  0  2  0/0    11:37   0:00   0:17 
Clayton Stoner           0  1  1   0  0   0  2  2  0  1  0/0    18:59   2:51   1:51 
Davis Drewiske           0  1  1   2  2   4  3  6  0  2  0/0    28:03   3:05   1:49 
Drew Larman              0  0  0   0  0   0  0  0  0  0  4/5     9:04   0:00   0:00 
John McCarthy            0  0  0   0  0   0  0  0  1  0  0/0    10:12   0:00   1:04 
Kenndal McArdle          1  0  1  -2  0   5  1  0  0  0  0/0    10:07   0:19   0:00 
Kyle Wharton             0  1  1   0  2   0  0  4  1  1  0/0    18:59   2:51   0:56 
Logan Couture            2  3  5   1  0   2  2  0  0  1  22/43  21:38   2:51   1:16 
Mitch Callahan           0  0  0   0  0   0  0  0  0  0  0/0     9:23   0:19   0:00 
Nick Johnson             0  0  0  -2  0   0  1  0  0  0  1/1    10:07   0:19   0:00 
Ryan Shannon             2  1  3   2  0   6  0  0  0  0  0/0    17:30   2:46   1:16 
Scott Jackson            0  0  0  -1  0   0  2  0  0  0  0/0    13:19   0:00   2:03 
Tyler Brenner            1  2  3   2  0   5  2  0  1  0  6/18   15:18   2:46   0:00 

Players Stats for Influenza

Player Name              G  A  P  +/- PIM S  H  SB GA TA FO     MP     PP MP  PK MP  
------------------------------------------------------------------------------------
Adam Berti               0  0  0  -1  2   0  0  0  1  0  0/0     7:57   0:00   0:19 
Andreas Engqvist         0  0  0  -1  0   0  1  0  0  0  0/2     6:55   0:00   0:00 
Ben Smith                1  0  1  -1  2   8  1  0  0  0  1/2    18:01   2:10   0:57 
Brian Salcido            0  0  0   0  0   1  0  1  0  0  0/0    10:31   0:00   0:00 
Carl Gunnarsson          0  0  0  -3  0   1  1  2  0  2  0/0    19:13   1:45   1:55 
Cody McCormick           0  1  1  -1  2   0  2  2  1  0  8/17   17:04   2:10   0:00 
Colby Robak              0  0  0   0  0   2  1  1  0  0  0/0    10:31   0:00   0:00 
Corey Tropp              0  0  0  -1  0   1  1  1  0  0  2/3     8:14   0:00   1:19 
Eric Wellwood            0  1  1   2  0   2  0  1  1  0  0/0     9:36   0:00   0:25 
Jeremy Morin             1  1  2   2  0   3  0  1  1  0  2/3     9:11   0:00   0:00 
Jordan Schroeder         0  0  0   0  0   0  0  0  0  0  1/1     0:30   0:00   0:30 
Juraj Mikus              0  0  0   0  0   0  0  0  0  0  0/0     0:00   0:00   0:00 
Martins Karsums          0  1  1  -1  0   0  2  0  1  0  2/3    25:08   2:55   4:15 
Mathieu Carle            0  0  0   2  0   2  0  4  1  2  0/0    30:16   3:20   4:01 
Matt Corrente            0  0  0  -3  2   0  5  2  0  1  0/0    19:12   1:45   1:55 
Noah Welch               0  3  3   2  0   3  1  2  1  0  0/0    30:16   3:20   4:01 
Robbie Earl              1  0  1  -1  2   3  2  0  0  0  6/14   24:02   2:55   3:10 
Ryan Carter              0  1  1  -1  0   3  7  0  0  0  15/31  21:06   2:55   0:57 
Ryan Russell             0  1  1  -1  2   2  0  1  0  1  0/0    17:04   2:10   0:00 
Zac Dalpe                2  1  3   2  0   3  2  0  1  0  1/1     9:11   0:00   0:00 

3 Stars

1 - Logan Couture (STB)
2 - Brad Winchester (STB)
3 - Zac Dalpe (VJB)

Power Play

Atomiques - 4 on 6 Attempt(s) - 66,67%
Influenza - 1 on 3 Attempt(s) - 33,33%

Penalty Kill

Atomiques - 2 on 3 Attempt(s) - 66,67% - Score 0 goal in Penalty Kill
Influenza - 2 on 6 Attempt(s) - 33,33% - Score 0 goal in Penalty Kill

Official

Referees : Peel Tim and McCauley Wes
Linesman : Darren Gibbs and David Brisebois

Game Notes

Olivier Roy enters game at 0:35 of 3rd period
6:50 of 3rd period - Atomiques goal is going for a video replay. After video review, Goal.

Finance

Level 1 -- Attendance: 1329 (66,45%) -- Ticket Income 53 160 $
Level 2 -- Attendance: 653 (65,30%) -- Ticket Income 13 060 $
Total Attendance: 1982 (66,07%)
Total Ticket Income: 66 220 $
Other Income: 3 311 $
Total Income: 69 531 $

Atomiques

5 vs 5 Forward 
   Center                   Left Wing                Right Wing               Time % Phy DF OF 
 1 Logan Couture            Brad Winchester          Alexandre Daigle         40     1   2  2  
 2 Tyler Brenner            Andrew Kozek             Ryan Shannon             30     1   2  2  
 3 Brett Sutter             Kenndal McArdle          Nick Johnson             20     1   2  2  
 4 Drew Larman              John McCarthy            Mitch Callahan           10     1   2  2  

5 vs 5 Defense 
   Defense                  Defense                                           Time % Phy DF OF 
 1 Alexander Sulzer         Davis Drewiske                                    40     1   2  2  
 2 Clayton Stoner           Kyle Wharton                                      30     1   2  2  
 3 Casey Borer              Scott Jackson                                     20     1   2  2  
 4 Alexander Sulzer         Davis Drewiske                                    10     1   2  2  

PowerPlay Forward 
   Center                   Left Wing                Right Wing               Time % Phy DF OF 
 1 Logan Couture            Brad Winchester          Alexandre Daigle         60     1   2  2  
 2 Tyler Brenner            Andrew Kozek             Ryan Shannon             40     1   2  2  

PowerPlay Defense
   Defense                  Defense                                           Time % Phy DF OF 
 1 Alexander Sulzer         Davis Drewiske                                    60     1   2  2  
 2 Clayton Stoner           Kyle Wharton                                      40     1   2  2  

Penalty Kill 4 Players Forward 
   Center                   Wing                     Time % Phy DF OF 
 1 Brad Winchester          Alexandre Daigle         60     1   2  2  
 2 Logan Couture            Ryan Shannon             40     1   2  2  

Penalty Kill 4 Players Defense
   Defense                  Defense                  Time % Phy DF OF 
 1 Alexander Sulzer         Davis Drewiske           60     1   2  2  
 2 Clayton Stoner           Kyle Wharton             40     1   2  2  

Penalty Kill - 3 Players Forward 
   Forward                                           Time % Phy DF OF 
 1 Brad Winchester                                   60     1   2  2  
 2 Alexandre Daigle                                  40     1   2  2  

Penalty Kill - 3 Players Defense
   Defense                  Defense                  Time % Phy DF OF 
 1 Alexander Sulzer         Davis Drewiske           60     1   2  2  
 2 Clayton Stoner           Kyle Wharton             40     1   2  2  

4 vs 4 Forward 
   Center                   Wing                     Time % Phy DF OF 
 1 Brad Winchester          Alexandre Daigle         60     1   2  2  
 2 Logan Couture            Ryan Shannon             40     1   2  2  

4 vs 4 Defense
   Defense                  Defense                  Time % Phy DF OF 
 1 Alexander Sulzer         Davis Drewiske           60     1   2  2  
 2 Clayton Stoner           Kyle Wharton             40     1   2  2  

Last Minutes Offensive
   Center                   Left Wing                Right Wing               Defense                  Defense                  
   Logan Couture            Brad Winchester          Alexandre Daigle         Alexander Sulzer         Davis Drewiske           

Last Minutes Defensive
   Center                   Left Wing                Right Wing               Defense                  Defense                  
   Logan Couture            Brad Winchester          Alexandre Daigle         Alexander Sulzer         Davis Drewiske           

Goaltenders
Starting : Alex Auld                
Backup : Sergei Bobrovsky         

Extra Forwards
Normal : Nick Johnson, Kenndal McArdle, John McCarthy - PP : Nick Johnson, Kenndal McArdle - PK : John McCarthy
Extra Defensemen
Normal : Casey Borer, Scott Jackson, Clayton Stoner - PP : Casey Borer - PK : Scott Jackson, Clayton Stoner
Penalty Shots
Brad Winchester, Alexandre Daigle, Logan Couture, Ryan Shannon, Tyler Brenner

Influenza

5 vs 5 Forward 
   Center                   Left Wing                Right Wing               Time % Phy DF OF 
 1 Ryan Carter              Robbie Earl              Martins Karsums          40     1   2  2  
 2 Cody McCormick           Ryan Russell             Ben Smith                30     1   2  2  
 3 Zac Dalpe                Eric Wellwood            Jeremy Morin             20     1   2  2  
 4 Andreas Engqvist         Adam Berti               Corey Tropp              10     1   2  2  

5 vs 5 Defense 
   Defense                  Defense                                           Time % Phy DF OF 
 1 Noah Welch               Mathieu Carle                                     40     1   2  2  
 2 Matt Corrente            Carl Gunnarsson                                   30     1   2  2  
 3 Brian Salcido            Colby Robak                                       20     1   2  2  
 4 Noah Welch               Mathieu Carle                                     10     1   2  2  

PowerPlay Forward 
   Center                   Left Wing                Right Wing               Time % Phy DF OF 
 1 Ryan Carter              Robbie Earl              Martins Karsums          60     1   2  2  
 2 Cody McCormick           Ryan Russell             Ben Smith                40     1   2  2  

PowerPlay Defense
   Defense                  Defense                                           Time % Phy DF OF 
 1 Noah Welch               Mathieu Carle                                     60     1   2  2  
 2 Matt Corrente            Carl Gunnarsson                                   40     1   2  2  

Penalty Kill 4 Players Forward 
   Center                   Wing                     Time % Phy DF OF 
 1 Robbie Earl              Martins Karsums          60     1   2  2  
 2 Ryan Carter              Ben Smith                40     1   2  2  

Penalty Kill 4 Players Defense
   Defense                  Defense                  Time % Phy DF OF 
 1 Noah Welch               Mathieu Carle            60     1   2  2  
 2 Matt Corrente            Carl Gunnarsson          40     1   2  2  

Penalty Kill - 3 Players Forward 
   Forward                                           Time % Phy DF OF 
 1 Robbie Earl                                       60     1   2  2  
 2 Martins Karsums                                   40     1   2  2  

Penalty Kill - 3 Players Defense
   Defense                  Defense                  Time % Phy DF OF 
 1 Noah Welch               Mathieu Carle            60     1   2  2  
 2 Matt Corrente            Carl Gunnarsson          40     1   2  2  

4 vs 4 Forward 
   Center                   Wing                     Time % Phy DF OF 
 1 Robbie Earl              Martins Karsums          60     1   2  2  
 2 Ryan Carter              Ben Smith                40     1   2  2  

4 vs 4 Defense
   Defense                  Defense                  Time % Phy DF OF 
 1 Noah Welch               Mathieu Carle            60     1   2  2  
 2 Matt Corrente            Carl Gunnarsson          40     1   2  2  

Last Minutes Offensive
   Center                   Left Wing                Right Wing               Defense                  Defense                  
   Ryan Carter              Robbie Earl              Martins Karsums          Noah Welch               Mathieu Carle            

Last Minutes Defensive
   Center                   Left Wing                Right Wing               Defense                  Defense                  
   Ryan Carter              Robbie Earl              Martins Karsums          Noah Welch               Mathieu Carle            

Goaltenders
Starting : Alex Stalock             
Backup : Olivier Roy              

Extra Forwards
Normal : Zac Dalpe, Jeremy Morin, Corey Tropp - PP : Zac Dalpe, Jeremy Morin - PK : Corey Tropp
Extra Defensemen
Normal : Brian Salcido, Colby Robak, Matt Corrente - PP : Brian Salcido - PK : Colby Robak, Matt Corrente
Penalty Shots
Robbie Earl, Martins Karsums, Ryan Carter, Ben Smith, Cody McCormick

% Time on Ice - Atomiques

Lines # - Real PCT - Wanted PCT - Time Play
Normal Forward
1 - 34% - 40% - 16:39
2 - 27% - 30% - 13:28
3 - 20% - 20% - 9:48
4 - 19% - 10% - 9:04
Normal Defense
1 - 41% - 40% - 20:17
2 - 29% - 30% - 14:17
3 - 23% - 20% - 11:16
4 - 6% - 10% - 3:09
PP Forward
1 - 53% - 60% - 3:10
2 - 47% - 40% - 2:46
PP Defense
1 - 52% - 60% - 3:05
2 - 48% - 40% - 2:51
PK Forward
1 - 75% - 60% - 3:49
2 - 25% - 40% - 1:16
PK Defense
1 - 64% - 60% - 3:14
2 - 36% - 40% - 1:51
PK3 Forward
1 - 0% - 60%
2 - 0% - 40%
PK3 Defense
1 - 0% - 60%
2 - 0% - 40%
44 Forward
1 - 0% - 60%
2 - 0% - 40%
44 Defense
1 - 0% - 60%
2 - 0% - 40%
Last Minute Offensive  - 0:00
Last Minute Defensive  - 0:00
Total
Forward - 60:00
Defense - 60:00

% Time on Ice - Influenza

Lines # - Real PCT - Wanted PCT - Time Play
Normal Forward
1 - 37% - 40% - 17:58
2 - 30% - 30% - 14:55
3 - 19% - 20% - 9:11
4 - 14% - 10% - 6:55
Normal Defense
1 - 40% - 40% - 19:39
2 - 32% - 30% - 15:33
3 - 21% - 20% - 10:31
4 - 7% - 10% - 3:16
PP Forward
1 - 57% - 60% - 2:55
2 - 43% - 40% - 2:10
PP Defense
1 - 66% - 60% - 3:20
2 - 34% - 40% - 1:45
PK Forward
1 - 84% - 60% - 4:59
2 - 16% - 40% - 0:57
PK Defense
1 - 68% - 60% - 4:01
2 - 32% - 40% - 1:55
PK3 Forward
1 - 0% - 60%
2 - 0% - 40%
PK3 Defense
1 - 0% - 60%
2 - 0% - 40%
44 Forward
1 - 0% - 60%
2 - 0% - 40%
44 Defense
1 - 0% - 60%
2 - 0% - 40%
Last Minute Offensive  - 0:00
Last Minute Defensive  - 0:00
Total
Forward - 60:00
Defense - 60:00

Play by Play

1st period


0:01 of 1st period - Logan Couture wins face-off versus Ryan Carter in neutral zone.
0:10 of 1st period - Mathieu Carle is hit by Davis Drewiske and loses puck.
1:19 of 1st period - Clayton Stoner is hit by Colby Robak and loses puck.
1:36 of 1st period - Snap shot by Brad Winchester.
1:36 of 1st period - Stopped by Alex Stalock with a rebound.
1:40 of 1st period - Wrist shot by Logan Couture.
1:40 of 1st period - Shot Misses the Net.
3:14 of 1st period - Drew Larman is hit by Robbie Earl and loses puck.
4:04 of 1st period - Wrist shot by John McCarthy.
4:04 of 1st period - Shot Blocked by Mathieu Carle.
4:20 of 1st period - Snap shot by Robbie Earl.
4:20 of 1st period - Deflect By Ryan Carter.
4:20 of 1st period - Shot Blocked by Alexander Sulzer.
4:20 of 1st period - Puck is out of play.
4:21 of 1st period - Logan Couture wins face-off versus Cody McCormick in Atomiques zone.
4:28 of 1st period - Snap shot by Brad Winchester.
4:28 of 1st period - Stopped by Alex Stalock without a rebound.
4:29 of 1st period - Cody McCormick wins face-off versus Logan Couture in Influenza zone.
5:02 of 1st period - Snap shot by Jeremy Morin.
5:02 of 1st period - Shot Misses the Net.
5:04 of 1st period - Slapshot by Zac Dalpe.
5:04 of 1st period - Shot Blocked by Kyle Wharton.
5:36 of 1st period - Brian Salcido is hit by Alexandre Daigle and loses puck.
5:42 of 1st period - Icing by Ben Smith.
5:43 of 1st period - Logan Couture wins face-off versus Cody McCormick in Influenza zone.
6:14 of 1st period - Snap shot by Ben Smith.
6:14 of 1st period - Stopped by Alex Auld with a rebound.
6:20 of 1st period - Snap shot by Ben Smith.
6:20 of 1st period - Stopped by Alex Auld with a rebound.
6:22 of 1st period - Slapshot by Brian Salcido.
6:22 of 1st period - Stopped by Alex Auld with a rebound.
6:24 of 1st period - Wrist shot by Cody McCormick.
6:24 of 1st period - Deflect By Ben Smith.
6:24 of 1st period - Stopped by Alex Auld without a rebound.
6:25 of 1st period - Jeremy Morin wins face-off versus Tyler Brenner in Atomiques zone.
6:50 of 1st period - Kenndal McArdle is hit by Ryan Carter and loses puck.
7:03 of 1st period - Slapshot by Robbie Earl.
7:03 of 1st period - Shot Misses the Net.
7:15 of 1st period - Scott Jackson is hit by Carl Gunnarsson and loses puck.
7:22 of 1st period - Snap shot by Corey Tropp.
7:22 of 1st period - Shot Misses the Net.
8:02 of 1st period - Slapshot by Nick Johnson.
8:02 of 1st period - Shot Misses the Net.
8:22 of 1st period - Slapshot by Ryan Shannon.
8:22 of 1st period - Shot Blocked by Colby Robak.
8:26 of 1st period - Snap shot by Tyler Brenner.
8:26 of 1st period - Stopped by Alex Stalock without a rebound.
8:27 of 1st period - Robbie Earl wins face-off versus Tyler Brenner in Influenza zone.
8:53 of 1st period - Davis Drewiske is hit by Zac Dalpe and loses puck.
10:08 of 1st period - Slapshot by Martins Karsums.
10:08 of 1st period - Shot Blocked by Davis Drewiske.
11:00 of 1st period - Andrew Kozek is hit by Corey Tropp and loses puck.
11:20 of 1st period - Robbie Earl is hit by Brad Winchester and loses puck.
11:25 of 1st period - Snap shot by Alexandre Daigle.
11:25 of 1st period - Shot Misses the Net.
11:27 of 1st period - Snap shot by Logan Couture.
11:27 of 1st period - Shot Misses the Net.
11:29 of 1st period - Snap shot by Alexandre Daigle.
11:29 of 1st period - Shot Misses the Net.
11:31 of 1st period - Snap shot by Logan Couture.
11:31 of 1st period - Shot Misses the Net.
11:33 of 1st period - Wrist shot by Brad Winchester.
11:33 of 1st period - Shot Blocked by Brian Salcido.
11:51 of 1st period - Colby Robak is hit by Scott Jackson and loses puck.
12:12 of 1st period - Wrist shot by Brett Sutter.
12:12 of 1st period - Deflect By Nick Johnson.
12:12 of 1st period - Shot Blocked by Eric Wellwood.
12:12 of 1st period - Puck is out of play.
12:13 of 1st period - Ryan Carter wins face-off versus Logan Couture in Influenza zone.
12:20 of 1st period - Brad Winchester is hit by Martins Karsums.
12:23 of 1st period - Off-side.
12:24 of 1st period - Ryan Carter wins face-off versus Logan Couture in neutral zone.
12:47 of 1st period - Minor Penalty to Alexandre Daigle for Hooking.
12:48 of 1st period - Brad Winchester wins face-off versus Robbie Earl in Atomiques zone.
13:16 of 1st period - Icing by Ben Smith.
13:17 of 1st period - Brad Winchester wins face-off versus Cody McCormick in Influenza zone.
13:20 of 1st period - Wrist shot by Brad Winchester.
13:20 of 1st period - Shot Misses the Net.
13:26 of 1st period - Ben Smith is hit by Brad Winchester and loses puck.
13:38 of 1st period - Off-side.
13:39 of 1st period - Ryan Carter wins face-off versus Andrew Kozek in neutral zone.
13:52 of 1st period - Snap shot by Robbie Earl.
13:52 of 1st period - Shot Blocked by Alexander Sulzer.
13:54 of 1st period - Wrist shot by Robbie Earl.
13:54 of 1st period - Goal by Robbie Earl - Atomiques : 0 - Influenza : 1.
13:55 of 1st period - Tyler Brenner wins face-off versus Ryan Carter in neutral zone.
14:00 of 1st period - Snap shot by Tyler Brenner.
14:00 of 1st period - Shot Misses the Net.
14:02 of 1st period - Slapshot by Alexander Sulzer.
14:02 of 1st period - Stopped by Alex Stalock with a rebound.
14:04 of 1st period - Slapshot by Alexander Sulzer.
14:04 of 1st period - Stopped by Alex Stalock with a rebound.
14:17 of 1st period - Minor Penalty to Robbie Earl for Cross-checking.
14:18 of 1st period - Logan Couture wins face-off versus Corey Tropp in Influenza zone.
14:25 of 1st period - Wrist shot by Brad Winchester.
14:25 of 1st period - Shot Misses the Net.
14:31 of 1st period - Wrist shot by Alexandre Daigle.
14:31 of 1st period - Shot Blocked by Corey Tropp.
14:33 of 1st period - Slapshot by Alexander Sulzer.
14:33 of 1st period - Shot Blocked by Mathieu Carle.
14:58 of 1st period - Off-side.
14:59 of 1st period - Corey Tropp wins face-off versus Logan Couture in neutral zone.
15:13 of 1st period - Off-side.
15:14 of 1st period - Jordan Schroeder wins face-off versus Tyler Brenner in neutral zone.
15:24 of 1st period - Snap shot by Ryan Shannon.
15:24 of 1st period - Shot Misses the Net.
15:26 of 1st period - Slapshot by Alexander Sulzer.
15:26 of 1st period - Stopped by Alex Stalock without a rebound.
15:27 of 1st period - Corey Tropp wins face-off versus Logan Couture in Influenza zone.
15:27 of 1st period - Corey Tropp is hit by Brad Winchester.
15:39 of 1st period - Wrist shot by Logan Couture.
15:39 of 1st period - Shot Misses the Net.
15:41 of 1st period - Snap shot by Logan Couture.
15:41 of 1st period - Goal by Logan Couture - Atomiques : 1 - Influenza : 1.
15:42 of 1st period - Cody McCormick wins face-off versus Logan Couture in neutral zone.
15:55 of 1st period - Slapshot by Brad Winchester.
15:55 of 1st period - Stopped by Alex Stalock without a rebound.
15:56 of 1st period - Martins Karsums wins face-off versus Tyler Brenner in Influenza zone.
16:49 of 1st period - Slapshot by Robbie Earl.
16:49 of 1st period - Stopped by Alex Auld with a rebound.
16:51 of 1st period - Slapshot by Colby Robak.
16:51 of 1st period - Stopped by Alex Auld with a rebound.
16:53 of 1st period - Snap shot by Robbie Earl.
16:53 of 1st period - Shot Blocked by Davis Drewiske.
16:55 of 1st period - Snap shot by Colby Robak.
16:55 of 1st period - Stopped by Alex Auld with a rebound.
16:57 of 1st period - Snap shot by Martins Karsums.
16:57 of 1st period - Shot Misses the Net.
17:09 of 1st period - Wrist shot by Ryan Carter.
17:09 of 1st period - Stopped by Alex Auld with a rebound.
17:11 of 1st period - Slapshot by Carl Gunnarsson.
17:11 of 1st period - Shot Misses the Net.
17:13 of 1st period - Wrist shot by Martins Karsums.
17:13 of 1st period - Shot Blocked by Alexander Sulzer.
17:31 of 1st period - Slapshot by Martins Karsums.
17:31 of 1st period - Shot Misses the Net.
17:33 of 1st period - Slapshot by Mathieu Carle.
17:33 of 1st period - Stopped by Alex Auld with a rebound.
17:35 of 1st period - Slapshot by Noah Welch.
17:35 of 1st period - Deflect By Ryan Carter.
17:35 of 1st period - Shot Misses the Net.
17:35 of 1st period - Puck is out of play.
17:36 of 1st period - Logan Couture wins face-off versus Cody McCormick in Atomiques zone.
17:36 of 1st period - Logan Couture is hit by Ben Smith.
18:32 of 1st period - Snap shot by Corey Tropp.
18:32 of 1st period - Stopped by Alex Auld with a rebound.
18:34 of 1st period - Slapshot by Carl Gunnarsson.
18:34 of 1st period - Stopped by Alex Auld with a rebound.
18:46 of 1st period - Wrist shot by Brad Winchester.
18:46 of 1st period - Stopped by Alex Stalock with a rebound.
19:01 of 1st period - Minor Penalty to Cody McCormick for Holding.
19:02 of 1st period - Logan Couture wins face-off versus Robbie Earl in Influenza zone.
19:09 of 1st period - Snap shot by Logan Couture.
19:09 of 1st period - Shot Blocked by Mathieu Carle.
19:11 of 1st period - Wrist shot by Logan Couture.
19:11 of 1st period - Goal by Logan Couture - Atomiques : 2 - Influenza : 1.
19:12 of 1st period - Logan Couture wins face-off versus Cody McCormick in neutral zone.
19:19 of 1st period - Wrist shot by Brad Winchester.
19:19 of 1st period - Stopped by Alex Stalock with a rebound.
19:21 of 1st period - Snap shot by Brad Winchester.
19:21 of 1st period - Stopped by Alex Stalock without a rebound.
19:22 of 1st period - Cody McCormick wins face-off versus Logan Couture in Influenza zone.
19:38 of 1st period - Minor Penalty to Davis Drewiske for Hooking.
19:39 of 1st period - Brad Winchester wins face-off versus Ryan Carter in Atomiques zone.
19:39 of 1st period - Brad Winchester is hit by Ryan Carter.
Goals for this period are 2 for Atomiques vs 1 for Influenza.
Shots for this period are 12 for Atomiques vs 12 for Influenza.

2nd period


0:01 of 2nd period - Ryan Carter wins face-off versus Brad Winchester in neutral zone.
0:14 of 2nd period - Wrist shot by Robbie Earl.
0:14 of 2nd period - Shot Misses the Net.
0:16 of 2nd period - Snap shot by Ryan Carter.
0:16 of 2nd period - Stopped by Alex Auld with a rebound.
1:38 of 2nd period - Penalty to Davis Drewiske is over, Davis Drewiske is back on ice.
1:54 of 2nd period - Wrist shot by Zac Dalpe.
1:54 of 2nd period - Goal by Zac Dalpe - Atomiques : 2 - Influenza : 2.
1:55 of 2nd period - Ryan Carter wins face-off versus Logan Couture in neutral zone.
2:02 of 2nd period - Wrist shot by Martins Karsums.
2:02 of 2nd period - Shot Blocked by Kyle Wharton.
2:19 of 2nd period - Minor Penalty to Kyle Wharton for Holding.
2:20 of 2nd period - Brad Winchester wins face-off versus Ryan Carter in Atomiques zone.
2:47 of 2nd period - Off-side.
2:48 of 2nd period - Logan Couture wins face-off versus Ben Smith in neutral zone.
4:19 of 2nd period - Penalty to Kyle Wharton is over, Kyle Wharton is back on ice.
4:58 of 2nd period - Slapshot by Alexander Sulzer.
4:58 of 2nd period - Shot Blocked by Jeremy Morin.
5:14 of 2nd period - Snap shot by Logan Couture.
5:14 of 2nd period - Deflect By Ryan Shannon.
5:14 of 2nd period - Stopped by Alex Stalock without a rebound.
5:15 of 2nd period - Nick Johnson wins face-off versus Cody McCormick in Influenza zone.
5:26 of 2nd period - Slapshot by Noah Welch.
5:26 of 2nd period - Stopped by Alex Auld with a rebound.
5:28 of 2nd period - Snap shot by Cody McCormick.
5:28 of 2nd period - Shot Misses the Net.
5:30 of 2nd period - Snap shot by Ryan Russell.
5:30 of 2nd period - Stopped by Alex Auld with a rebound.
5:46 of 2nd period - Off-side.
5:47 of 2nd period - Drew Larman wins face-off versus Ryan Carter in neutral zone.
6:00 of 2nd period - Snap shot by Martins Karsums.
6:00 of 2nd period - Shot Blocked by Clayton Stoner.
6:02 of 2nd period - Snap shot by Robbie Earl.
6:02 of 2nd period - Shot Blocked by Clayton Stoner.
6:12 of 2nd period - Clayton Stoner is hit by Matt Corrente and loses puck.
6:19 of 2nd period - Slapshot by Ben Smith.
6:19 of 2nd period - Stopped by Alex Auld without a rebound.
6:20 of 2nd period - Robbie Earl wins face-off versus Logan Couture in Atomiques zone.
6:27 of 2nd period - Wrist shot by Ryan Carter.
6:27 of 2nd period - Shot Blocked by Davis Drewiske.
6:29 of 2nd period - Slapshot by Noah Welch.
6:29 of 2nd period - Stopped by Alex Auld without a rebound.
6:30 of 2nd period - Ryan Carter wins face-off versus Logan Couture in Atomiques zone.
6:33 of 2nd period - Slapshot by Ryan Carter.
6:33 of 2nd period - Shot Blocked by Alexander Sulzer.
6:35 of 2nd period - Snap shot by Ryan Carter.
6:35 of 2nd period - Shot Misses the Net.
6:37 of 2nd period - Snap shot by Ryan Carter.
6:37 of 2nd period - Stopped by Alex Auld with a rebound.
6:39 of 2nd period - Wrist shot by Martins Karsums.
6:39 of 2nd period - Shot Misses the Net.
6:41 of 2nd period - Slapshot by Robbie Earl.
6:41 of 2nd period - Shot Misses the Net.
6:53 of 2nd period - Mathieu Carle is hit by Logan Couture and loses puck.
7:16 of 2nd period - Brad Winchester is hit by Ryan Carter and loses puck.
7:40 of 2nd period - Slapshot by Noah Welch.
7:40 of 2nd period - Shot Blocked by Davis Drewiske.
8:04 of 2nd period - Slapshot by Davis Drewiske.
8:04 of 2nd period - Stopped by Alex Stalock without a rebound.
8:05 of 2nd period - Cody McCormick wins face-off versus Tyler Brenner in Influenza zone.
8:31 of 2nd period - Carl Gunnarsson is hit by Nick Johnson and loses puck.
9:00 of 2nd period - Snap shot by Andreas Engqvist.
9:00 of 2nd period - Shot Misses the Net.
9:10 of 2nd period - Kyle Wharton is hit by Cody McCormick and loses puck.
9:25 of 2nd period - Snap shot by Zac Dalpe.
9:25 of 2nd period - Shot Misses the Net.
9:27 of 2nd period - Wrist shot by Eric Wellwood.
9:27 of 2nd period - Stopped by Alex Auld with a rebound.
11:28 of 2nd period - Corey Tropp is hit by Brad Winchester and loses puck.
11:48 of 2nd period - Carl Gunnarsson is hit by Casey Borer and loses puck.
12:04 of 2nd period - Brett Sutter is hit by Ryan Carter and loses puck.
12:17 of 2nd period - Ryan Carter is hit by Scott Jackson and loses puck.
12:26 of 2nd period - Drew Larman is hit by Ryan Carter and loses puck.
13:05 of 2nd period - Alexander Sulzer is hit by Zac Dalpe and loses puck.
13:10 of 2nd period - Snap shot by Zac Dalpe.
13:10 of 2nd period - Shot Blocked by Davis Drewiske.
13:12 of 2nd period - Wrist shot by Eric Wellwood.
13:12 of 2nd period - Shot Misses the Net.
13:14 of 2nd period - Snap shot by Jeremy Morin.
13:14 of 2nd period - Stopped by Alex Auld without a rebound.
13:15 of 2nd period - Tyler Brenner wins face-off versus Cody McCormick in Atomiques zone.
13:20 of 2nd period - Slapshot by Noah Welch.
13:20 of 2nd period - Shot Blocked by Andrew Kozek.
13:22 of 2nd period - Slapshot by Mathieu Carle.
13:22 of 2nd period - Shot Misses the Net.
13:24 of 2nd period - Wrist shot by Cody McCormick.
13:24 of 2nd period - Shot Hit the Post.
13:26 of 2nd period - Snap shot by Ryan Russell.
13:26 of 2nd period - Stopped by Alex Auld with a rebound.
13:28 of 2nd period - Slapshot by Noah Welch.
13:28 of 2nd period - Stopped by Alex Auld without a rebound.
13:29 of 2nd period - Ben Smith wins face-off versus Brett Sutter in Atomiques zone.
14:03 of 2nd period - Wrist shot by Kenndal McArdle.
14:03 of 2nd period - Stopped by Alex Stalock with a rebound.
14:05 of 2nd period - Slapshot by Scott Jackson.
14:05 of 2nd period - Shot Blocked by Cody McCormick.
14:07 of 2nd period - Wrist shot by Kenndal McArdle.
14:07 of 2nd period - Shot Blocked by Ryan Russell.
14:15 of 2nd period - Wrist shot by Nick Johnson.
14:15 of 2nd period - Shot Misses the Net.
14:19 of 2nd period - Snap shot by Brett Sutter.
14:19 of 2nd period - Deflect By Kenndal McArdle.
14:19 of 2nd period - Shot Blocked by Cody McCormick.
14:19 of 2nd period - Puck is out of play.
14:20 of 2nd period - Ryan Carter wins face-off versus Logan Couture in Influenza zone.
14:20 of 2nd period - Ryan Carter is hit by Alexander Sulzer.
14:28 of 2nd period - Icing by Martins Karsums.
14:29 of 2nd period - Ryan Carter wins face-off versus Logan Couture in Influenza zone.
14:34 of 2nd period - Snap shot by Martins Karsums.
14:34 of 2nd period - Shot Blocked by Alexander Sulzer.
14:36 of 2nd period - Snap shot by Ryan Carter.
14:36 of 2nd period - Shot Misses the Net.
14:47 of 2nd period - Off-side.
14:48 of 2nd period - Cody McCormick wins face-off versus Tyler Brenner in neutral zone.
14:57 of 2nd period - Wrist shot by Ben Smith.
14:57 of 2nd period - Deflect By Tyler Brenner.
14:57 of 2nd period - Stopped by Alex Auld without a rebound.
14:58 of 2nd period - Cody McCormick wins face-off versus Tyler Brenner in Atomiques zone.
15:01 of 2nd period - Snap shot by Ryan Russell.
15:01 of 2nd period - Shot Misses the Net.
15:07 of 2nd period - Slapshot by Ben Smith.
15:07 of 2nd period - Shot Blocked by Kyle Wharton.
15:09 of 2nd period - Wrist shot by Ben Smith.
15:09 of 2nd period - Goal by Ben Smith - Atomiques : 2 - Influenza : 3.
15:10 of 2nd period - Logan Couture wins face-off versus Ryan Carter in neutral zone.
15:15 of 2nd period - Snap shot by Brad Winchester.
15:15 of 2nd period - Shot Misses the Net.
15:35 of 2nd period - Alexander Sulzer is hit by Noah Welch and loses puck.
15:40 of 2nd period - Snap shot by Zac Dalpe.
15:40 of 2nd period - Shot Misses the Net.
15:42 of 2nd period - Wrist shot by Jeremy Morin.
15:42 of 2nd period - Stopped by Alex Auld with a rebound.
15:44 of 2nd period - Snap shot by Eric Wellwood.
15:44 of 2nd period - Deflect By Davis Drewiske.
15:44 of 2nd period - Stopped by Alex Auld without a rebound.
15:45 of 2nd period - Ryan Carter wins face-off versus Tyler Brenner in Atomiques zone.
15:46 of 2nd period - Wrist shot by Robbie Earl.
15:46 of 2nd period - Shot Misses the Net.
15:48 of 2nd period - Wrist shot by Ryan Carter.
15:48 of 2nd period - Shot Misses the Net.
16:12 of 2nd period - Snap shot by Ben Smith.
16:12 of 2nd period - Shot Misses the Net.
16:14 of 2nd period - Wrist shot by Ben Smith.
16:14 of 2nd period - Stopped by Alex Auld with a rebound.
17:03 of 2nd period - Wrist shot by Alexandre Daigle.
17:03 of 2nd period - Shot Misses the Net.
17:05 of 2nd period - Snap shot by Logan Couture.
17:05 of 2nd period - Shot Blocked by Mathieu Carle.
17:15 of 2nd period - Casey Borer is hit by Andreas Engqvist and loses puck.
17:37 of 2nd period - Cody McCormick is hit by Kenndal McArdle and loses puck.
17:42 of 2nd period - Snap shot by Brett Sutter.
17:42 of 2nd period - Shot Misses the Net.
17:44 of 2nd period - Slapshot by Kenndal McArdle.
17:44 of 2nd period - Stopped by Alex Stalock without a rebound.
17:45 of 2nd period - Logan Couture wins face-off versus Ryan Carter in Influenza zone.
18:10 of 2nd period - Ryan Shannon is hit by Cody McCormick and loses puck.
18:23 of 2nd period - Cody McCormick is hit by Andrew Kozek and loses puck.
18:30 of 2nd period - Minor Penalty to Ben Smith for Holding.
18:31 of 2nd period - Logan Couture wins face-off versus Robbie Earl in Influenza zone.
18:32 of 2nd period - Snap shot by Brad Winchester.
18:32 of 2nd period - Stopped by Alex Stalock without a rebound.
18:33 of 2nd period - Logan Couture wins face-off versus Robbie Earl in Influenza zone.
18:34 of 2nd period - Wrist shot by Brad Winchester.
18:34 of 2nd period - Shot Misses the Net.
18:36 of 2nd period - Slapshot by Davis Drewiske.
18:36 of 2nd period - Stopped by Alex Stalock without a rebound.
18:37 of 2nd period - Logan Couture wins face-off versus Robbie Earl in Influenza zone.
18:40 of 2nd period - Wrist shot by Alexandre Daigle.
18:40 of 2nd period - Goal by Alexandre Daigle - Atomiques : 3 - Influenza : 3.
18:41 of 2nd period - Logan Couture wins face-off versus Ryan Carter in neutral zone.
18:52 of 2nd period - Alexander Sulzer is hit by Ryan Carter and loses puck.
19:08 of 2nd period - Off-side.
19:09 of 2nd period - Tyler Brenner wins face-off versus Cody McCormick in neutral zone.
19:12 of 2nd period - Snap shot by Tyler Brenner.
19:12 of 2nd period - Shot Misses the Net.
19:14 of 2nd period - Wrist shot by Tyler Brenner.
19:14 of 2nd period - Shot Blocked by Matt Corrente.
19:16 of 2nd period - Slapshot by Ryan Shannon.
19:16 of 2nd period - Goal by Ryan Shannon - Atomiques : 4 - Influenza : 3.
19:17 of 2nd period - Ryan Carter wins face-off versus Logan Couture in neutral zone.
19:49 of 2nd period - Snap shot by Ryan Shannon.
19:49 of 2nd period - Shot Misses the Net.
19:51 of 2nd period - Snap shot by Ryan Shannon.
19:51 of 2nd period - Shot Blocked by Noah Welch.
19:53 of 2nd period - Wrist shot by Davis Drewiske.
19:53 of 2nd period - Stopped by Alex Stalock without a rebound.
19:54 of 2nd period - Tyler Brenner wins face-off versus Ryan Carter in Influenza zone.
Goals for this period are 2 for Atomiques vs 2 for Influenza.
Shots for this period are 9 for Atomiques vs 16 for Influenza.

3rd period


0:01 of 3rd period - Logan Couture wins face-off versus Ryan Carter in neutral zone.
0:35 of 3rd period - Wrist shot by Tyler Brenner.
0:35 of 3rd period - Goal by Tyler Brenner - Atomiques : 5 - Influenza : 3.
0:35 of 3rd period - Olivier Roy enters game.
0:36 of 3rd period - Logan Couture wins face-off versus Ryan Carter in neutral zone.
0:39 of 3rd period - Slapshot by Alexander Sulzer.
0:39 of 3rd period - Deflect By Brad Winchester.
0:39 of 3rd period - Goal by Brad Winchester - Atomiques : 6 - Influenza : 3.
0:40 of 3rd period - Logan Couture wins face-off versus Robbie Earl in neutral zone.
0:47 of 3rd period - Wrist shot by Logan Couture.
0:47 of 3rd period - Deflect By Alexandre Daigle.
0:47 of 3rd period - Stopped by Olivier Roy with a rebound.
0:49 of 3rd period - Slapshot by Alexander Sulzer.
0:49 of 3rd period - Stopped by Olivier Roy without a rebound.
0:50 of 3rd period - Martins Karsums wins face-off versus Logan Couture in Influenza zone.
0:55 of 3rd period - Snap shot by Logan Couture.
0:55 of 3rd period - Deflect By Alexandre Daigle.
0:55 of 3rd period - Shot Misses the Net.
0:55 of 3rd period - Puck is out of play.
0:56 of 3rd period - Logan Couture wins face-off versus Ryan Carter in Influenza zone.
1:23 of 3rd period - Mathieu Carle is hit by Alexander Sulzer.
1:42 of 3rd period - Wrist shot by Zac Dalpe.
1:42 of 3rd period - Stopped by Alex Auld with a rebound.
1:44 of 3rd period - Wrist shot by Zac Dalpe.
1:44 of 3rd period - Shot Blocked by Kyle Wharton.
1:46 of 3rd period - Snap shot by Zac Dalpe.
1:46 of 3rd period - Goal by Zac Dalpe - Atomiques : 6 - Influenza : 4.
1:47 of 3rd period - Alexandre Daigle wins face-off versus Ryan Carter in neutral zone.
2:12 of 3rd period - Ryan Russell is hit by Andrew Kozek and loses puck.
2:21 of 3rd period - Slapshot by Noah Welch.
2:21 of 3rd period - Shot Misses the Net.
2:23 of 3rd period - Wrist shot by Mathieu Carle.
2:23 of 3rd period - Shot Blocked by Davis Drewiske.
2:30 of 3rd period - Icing by Davis Drewiske.
2:31 of 3rd period - Tyler Brenner wins face-off versus Jeremy Morin in Atomiques zone.
2:42 of 3rd period - Wrist shot by Alexandre Daigle.
2:42 of 3rd period - Stopped by Olivier Roy without a rebound.
2:43 of 3rd period - Logan Couture wins face-off versus Martins Karsums in Influenza zone.
3:41 of 3rd period - Snap shot by Jeremy Morin.
3:41 of 3rd period - Goal by Jeremy Morin - Atomiques : 6 - Influenza : 5.
3:42 of 3rd period - Ryan Carter wins face-off versus Logan Couture in neutral zone.
4:19 of 3rd period - Andrew Kozek is hit by Matt Corrente.
4:37 of 3rd period - Snap shot by Nick Johnson.
4:37 of 3rd period - Shot Misses the Net.
4:39 of 3rd period - Wrist shot by Kenndal McArdle.
4:39 of 3rd period - Stopped by Olivier Roy with a rebound.
4:41 of 3rd period - Wrist shot by Alexander Sulzer.
4:41 of 3rd period - Deflect By Brett Sutter.
4:41 of 3rd period - Stopped by Olivier Roy with a rebound.
4:53 of 3rd period - Slapshot by Mathieu Carle.
4:53 of 3rd period - Stopped by Alex Auld without a rebound.
4:54 of 3rd period - Drew Larman wins face-off versus Andreas Engqvist in Atomiques zone.
5:27 of 3rd period - Icing by Kyle Wharton.
5:28 of 3rd period - Ryan Carter wins face-off versus Drew Larman in Atomiques zone.
6:36 of 3rd period - Minor Penalty to Matt Corrente for Hooking.
6:37 of 3rd period - Logan Couture wins face-off versus Robbie Earl in Influenza zone.
6:38 of 3rd period - Snap shot by Brad Winchester.
6:38 of 3rd period - Shot Misses the Net.
6:40 of 3rd period - Snap shot by Brad Winchester.
6:40 of 3rd period - Stopped by Olivier Roy with a rebound.
6:42 of 3rd period - Wrist shot by Logan Couture.
6:42 of 3rd period - Shot Blocked by Noah Welch.
6:44 of 3rd period - Slapshot by Davis Drewiske.
6:44 of 3rd period - Shot Misses the Net.
6:48 of 3rd period - Snap shot by Brad Winchester.
6:48 of 3rd period - Shot Misses the Net.
6:50 of 3rd period - Snap shot by Brad Winchester.
6:50 of 3rd period - Atomiques goal is going for a video replay.
6:50 of 3rd period - The goal is good.
6:50 of 3rd period - Goal by Brad Winchester - Atomiques : 7 - Influenza : 5.
6:51 of 3rd period - Ryan Carter wins face-off versus Logan Couture in neutral zone.
6:57 of 3rd period - Off-side.
6:58 of 3rd period - Robbie Earl wins face-off versus Logan Couture in neutral zone.
7:02 of 3rd period - Noah Welch is hit by Davis Drewiske and loses puck.
7:11 of 3rd period - Snap shot by Brad Winchester.
7:11 of 3rd period - Stopped by Olivier Roy without a rebound.
7:12 of 3rd period - Cody McCormick wins face-off versus Tyler Brenner in Influenza zone.
7:19 of 3rd period - Wrist shot by Ryan Shannon.
7:19 of 3rd period - Stopped by Olivier Roy with a rebound.
7:39 of 3rd period - Brad Winchester is hit by Martins Karsums and loses puck.
7:46 of 3rd period - Wrist shot by Martins Karsums.
7:46 of 3rd period - Deflect By Robbie Earl.
7:46 of 3rd period - Stopped by Alex Auld with a rebound.
7:48 of 3rd period - Backhand shot by Ryan Carter.
7:48 of 3rd period - Deflect By Kyle Wharton.
7:48 of 3rd period - Shot Misses the Net.
7:48 of 3rd period - Puck is out of play.
7:49 of 3rd period - Zac Dalpe wins face-off versus Brett Sutter in Atomiques zone.
7:58 of 3rd period - Snap shot by Kenndal McArdle.
7:58 of 3rd period - Goal by Kenndal McArdle - Atomiques : 8 - Influenza : 5.
7:59 of 3rd period - Logan Couture wins face-off versus Ryan Carter in neutral zone.
8:14 of 3rd period - Wrist shot by Ryan Carter.
8:14 of 3rd period - Deflect By Robbie Earl.
8:14 of 3rd period - Shot Misses the Net.
8:14 of 3rd period - Puck is out of play.
8:15 of 3rd period - Cody McCormick wins face-off versus Tyler Brenner in Atomiques zone.
9:09 of 3rd period - Ryan Shannon is hit by Matt Corrente and loses puck.
9:25 of 3rd period - Off-side.
9:26 of 3rd period - Alexandre Daigle wins face-off versus Andreas Engqvist in neutral zone.
9:30 of 3rd period - Minor Penalty to Adam Berti for High sticking.
9:31 of 3rd period - Robbie Earl wins face-off versus Logan Couture in Influenza zone.
10:21 of 3rd period - Alexander Sulzer is hit by Robbie Earl and loses puck.
10:50 of 3rd period - Tyler Brenner is hit by Matt Corrente and loses puck.
11:17 of 3rd period - Martins Karsums is hit by Davis Drewiske and loses puck.
11:22 of 3rd period - Snap shot by Clayton Stoner.
11:22 of 3rd period - Shot Misses the Net.
11:30 of 3rd period - Penalty to Adam Berti is over, Adam Berti is back on ice.
11:33 of 3rd period - Icing by Mathieu Carle.
11:34 of 3rd period - Drew Larman wins face-off versus Robbie Earl in Influenza zone.
12:23 of 3rd period - Wrist shot by Brad Winchester.
12:23 of 3rd period - Shot Misses the Net.
12:25 of 3rd period - Backhand shot by Alexandre Daigle.
12:25 of 3rd period - Shot Blocked by Carl Gunnarsson.
12:27 of 3rd period - Slapshot by Davis Drewiske.
12:27 of 3rd period - Stopped by Olivier Roy without a rebound.
12:28 of 3rd period - Jeremy Morin wins face-off versus Tyler Brenner in Influenza zone.
12:28 of 3rd period - Jeremy Morin is hit by Tyler Brenner.
12:39 of 3rd period - Brian Salcido is hit by Tyler Brenner.
12:53 of 3rd period - Ryan Russell is hit by Logan Couture and loses puck.
13:12 of 3rd period - Slapshot by Alexander Sulzer.
13:12 of 3rd period - Shot Misses the Net.
13:54 of 3rd period - Wrist shot by Ryan Shannon.
13:54 of 3rd period - Stopped by Olivier Roy with a rebound.
13:56 of 3rd period - Snap shot by Andrew Kozek.
13:56 of 3rd period - Stopped by Olivier Roy with a rebound.
13:58 of 3rd period - Slapshot by Andrew Kozek.
13:58 of 3rd period - Shot Misses the Net.
14:00 of 3rd period - Snap shot by Tyler Brenner.
14:00 of 3rd period - Shot Misses the Net.
14:42 of 3rd period - Casey Borer is hit by Ryan Carter and loses puck.
15:51 of 3rd period - Wrist shot by Kenndal McArdle.
15:51 of 3rd period - Stopped by Olivier Roy with a rebound.
16:01 of 3rd period - Andreas Engqvist is hit by Clayton Stoner and loses puck.
16:08 of 3rd period - Snap shot by Ryan Shannon.
16:08 of 3rd period - Goal by Ryan Shannon - Atomiques : 9 - Influenza : 5.
16:09 of 3rd period - Logan Couture wins face-off versus Ryan Carter in neutral zone.
16:22 of 3rd period - Wrist shot by Martins Karsums.
16:22 of 3rd period - Shot Misses the Net.
16:34 of 3rd period - Ryan Russell is hit by Clayton Stoner and loses puck.
16:51 of 3rd period - Minor Penalty to Ryan Russell for Hooking.
16:52 of 3rd period - Robbie Earl wins face-off versus Logan Couture in Influenza zone.
17:27 of 3rd period - Slapshot by Davis Drewiske.
17:27 of 3rd period - Deflect By Tyler Brenner.
17:27 of 3rd period - Stopped by Olivier Roy without a rebound.
17:28 of 3rd period - Tyler Brenner wins face-off versus Ryan Carter in Influenza zone.
17:31 of 3rd period - Wrist shot by Tyler Brenner.
17:31 of 3rd period - Stopped by Olivier Roy with a rebound.
17:33 of 3rd period - Wrist shot by Tyler Brenner.
17:33 of 3rd period - Stopped by Olivier Roy without a rebound.
17:34 of 3rd period - Robbie Earl wins face-off versus Tyler Brenner in Influenza zone.
18:08 of 3rd period - Tyler Brenner is hit by Matt Corrente.
18:23 of 3rd period - Slapshot by Clayton Stoner.
18:23 of 3rd period - Shot Blocked by Matt Corrente.
18:25 of 3rd period - Slapshot by Kyle Wharton.
18:25 of 3rd period - Shot Misses the Net.
18:27 of 3rd period - Snap shot by Clayton Stoner.
18:27 of 3rd period - Shot Blocked by Carl Gunnarsson.
18:47 of 3rd period - Slapshot by Ryan Shannon.
18:47 of 3rd period - Stopped by Olivier Roy without a rebound.
18:48 of 3rd period - Ryan Carter wins face-off versus Logan Couture in Influenza zone.
18:51 of 3rd period - Penalty to Ryan Russell is over, Ryan Russell is back on ice.
19:22 of 3rd period - Icing by Ben Smith.
19:23 of 3rd period - Drew Larman wins face-off versus Cody McCormick in Influenza zone.
19:54 of 3rd period - Snap shot by Ben Smith.
19:54 of 3rd period - Stopped by Alex Auld without a rebound.
19:55 of 3rd period - Ryan Carter wins face-off versus Logan Couture in Atomiques zone.
Goals for this period are 5 for Atomiques vs 2 for Influenza.
Shots for this period are 21 for Atomiques vs 6 for Influenza.


Output by the SimonT Hockey Simulator (STHS) for François Prévost -- Original Page W3C XHTML 1.0 Valid
Hockey Simulator - Hockey Simulation - Hockey Manager